 Dungeon Crawl Stone Soup version 0.22.1-1-ga44c0e5 (webtiles) character file.

44 Folque the Vexing (level 3, 0/37 HPs)
             Began as an Ogre Arcane Marksman on Sept 25, 2018.
             Slain by Sigmund
             ... wielding a +0 scythe
              (9 damage)
             ... on level 2 of the Dungeon.
             The game lasted 00:04:23 (1158 turns).

Folque the Vexing (Ogre Arcane Marksman)            Turns: 1158, Time: 00:04:23

Health: 0/37       AC:  3    Str: 14    XL:     3   Next: 60%
Magic:  1/5        EV: 10    Int: 14    God:
Gold:   47         SH:  0    Dex: 10    Spells: 1/5 levels left

rFire    . . .     SeeInvis .   m - +1 dagger (drain)
rCold    . . .     Gourm    .   (no shield)
rNeg     . . .     Faith    .   a - +0 robe
rPois    .         Spirit   .   (helmet restricted)
rElec    .         Reflect  .   (no cloak)
rCorr    .         Harm     .   (gloves unavailable)
MR       .....                  (boots unavailable)
Stlth    +.........             (no amulet)
HPRegen  0.12/turn              (no ring)
MPRegen  0.09/turn              (no ring)

@: no status effects
A: large, unfitting armour, tough skin 1
a: no special abilities


You were on level 2 of the Dungeon.
You were not hungry.

You visited 1 branch of the dungeon, and saw 2 of its levels.

You collected 47 gold pieces.

Inventory:

Hand Weapons
 b - a +0 dagger
 i - a +2 dagger of holy wrath
 m - a +1 dagger of draining (weapon)
Missiles
 h - 5 curare-tipped needles
Armour
 a - a +0 robe (worn)
Scrolls
 e - a scroll of enchant armour {unknown}
 g - a scroll of remove curse {unknown}
 j - 2 scrolls of enchant weapon {unknown}
 k - a scroll of teleportation {unknown}
 n - a scroll of random uselessness {unknown}
Comestibles
 f - a ration
 o - 6 chunks of flesh


   Skills:
 + Level 3.0 Fighting
 + Level 2.5 Throwing
 - Level 1.7 Dodging
 + Level 1.8 Spellcasting
 - Level 3.0 Hexes


You had one spell level left.
You knew the following spells:

 Your Spells              Type           Power        Failure   Level  Hunger
a - Corona                Hex            #......      7%          1    ##.....
b - Portal Projectile     Hex/Tloc       #.....       36%         3    ####...

Your spell library contained the following spells:

 Spells                   Type           Power        Failure   Level  Hunger
 Slow                     Hex            #.......     11%         2    ###....
 Inner Flame              Hex/Fire       #.......     36%         3    ####...
 Cause Fear               Hex            #.........   56%         4    #####..
 Leda's Liquefaction      Hex/Erth       #.........   78%         4    #####..


Dungeon Overview and Level Annotations

Branches:
Dungeon (2/15)

Altars:

Annotations:
D:2 Sigmund, Terence


Innate Abilities, Weirdness & Mutations

You are too large for most types of armour.
You have tough skin. (AC +1)


Message History

It was a potion of heal wounds.
You feel much better. Something hits you.
Throwing (i - inventory)
d - 2 throwing nets (quivered)
Press: ? - help, Shift-Dir - straight line, p - Terence You throw a throwing net.
The throwing net closely misses Terence.
The throwing net closely misses the jackal.
The throwing net barely misses the jackal.
Something hits you!
Throwing (i - inventory)
d - a throwing net (quivered)
Press: ? - help, Shift-Dir - straight line, f - Terence
Aim: Terence, wielding a flail and wearing a shiny chain mail (almost dead)
You throw a throwing net. The throwing net hits Terence.
Terence is caught in the net!
Terence is almost dead.
Something hits you!
* * * LOW HITPOINT WARNING * * *
Terence struggles against the net.
Something completely misses you.
Terence struggles against the net.
You miss something. Something hits you!
You die...

.(..
#(.#
#(.
#h.
#h#
#h#
#@#
#.#
#@#
#.#
#.#
#.#
#.#
#.#
#.#
..
#.#
.
#.#


You could see Terence (caught) and 3 jackals.

Vanquished Creatures
  A dart slug (D:2)
  A ball python (D:1)
  3 giant cockroaches
  8 goblins
  6 hobgoblins
  3 jackals (D:1)
  2 bats (D:2)
  2 frilled lizards (D:1)
  6 kobolds
  6 rats
38 creatures vanquished.

Notes
Turn   | Place    | Note
-------+----------+-------------------------------------------
     0 | D:1      | Folque the Ogre Arcane Marksman began the quest for the
                  | Orb.
     0 | D:1      | Reached XP level 1. HP: 19/19 MP: 2/2
   147 | D:1      | Reached XP level 2. HP: 16/28 MP: 1/3
   518 | D:1      | Reached XP level 3. HP: 29/36 MP: 5/5
  1016 | D:2      | Learned a level 3 spell: Portal Projectile
  1143 | D:2      | Noticed Sigmund
  1148 | D:2      | Noticed Terence
  1158 | D:2      | Slain by Sigmund

Skill      XL: |  1  2  3 |
---------------+----------+-----
Hexes          | 3 |  3.0
Fighting       | 2 3 |  3.0
Throwing       | |  2.5
Dodging        | |  1.7
Spellcasting   | |  1.8

Action                   || total
-------------------------++-------
Melee: Dagger            ||   111
       Unarmed           ||     4
Throw: Large rock        ||     7
       Throwing net      ||     2
 Cast: Corona            ||     6
       Portal Projectile ||     1
  Use: Potion            ||     1
 Stab: Sleeping          ||     1
  Eat: Chunk             ||     1
Armor: Robe              ||    21
Dodge: Dodged            ||    50
